 Dungeon Crawl Stone Soup version 0.14-a0-3134-g2c86dbf (webtiles) character file.

149 Froboctopus the Shield-Bearer (level 3, -1/23 HPs)
             Began as a Gargoyle Fighter on Mar 8, 2014.
             Killed by divine providence
             ... invoked by an orc priest
              (11 damage)
             ... on Level 3 of the Dungeon.
             The game lasted 00:02:16 (1455 turns).

Froboctopus the Shield-Bearer (Gargoyle Fighter)    Turns: 1455, Time: 00:02:17

HP  -1/23        AC 11     Str 20      XL: 3   Next: 87%
MP   3/3         EV  6     Int  8      God:
Gold 96          SH 18     Dex  9      Spells:  0 memorised,  2 levels left

rFire  . . .     SeeInvis .     a - +0 flail
rCold  + . .     Clarity  .     b - +1 scale mail {rC+}
rNeg   + . .     Conserve .     c - +0 shield
rPois  +         rCorr    .     (no helmet)
rElec  +         rRot     +     (no cloak)
SustAb . .       Spirit   .     (no gloves)
rMut   .         Warding  .     (no boots)
Saprov . . .     Stasis   .     (no amulet)
MR     .....                    (no ring)
                                (no ring)

@: not resistant to hostile enchantments, extremely unstealthy
A: life protection 1, electricity resistance, unbreathing, petrification
resistance, AC +3
a: no special abilities


You were on level 3 of the Dungeon.
You were not hungry.

You visited 1 branch of the dungeon, and saw 3 of its levels.

You collected 96 gold pieces.

Inventory:

Hand weapons
 a - a +0,+0 flail (weapon)
Armour
 b - a +1 scale mail of cold resistance (worn)
 c - a +0 shield (worn)
Comestibles
 d - 3 bread rations
 f - a choko
 h - 2 meat rations
 p - a sausage
Scrolls
 e - 2 scrolls of random uselessness {unknown}
 j - a scroll of teleportation {unknown}
 k - a scroll of remove curse
 l - a scroll of magic mapping
 m - a scroll of noise {unknown}
 n - 2 scrolls of identify {unknown}
 t - a scroll of immolation {unknown}
Potions
 g - a potion of confusion {unknown}
 i - 5 potions of curing {unknown}
 o - a potion of restore abilities {unknown}
 q - a potion of might {unknown}
 r - a potion of mutation {unknown}
 s - a potion of degeneration {unknown}


   Skills:
 + Level 3.5 Fighting
 * Level 3.0 Maces & Flails
 * Level 3.8 Armour
 * Level 4.0 Shields


You had 2 spell levels left.
You didn't know any spells.

Dungeon Overview and Level Annotations

Branches:
Dungeon (3/16)

Altars:
Vehumet

Annotations:
D:3 Elizilla's ghost, average FoFi


Innate Abilities, Weirdness & Mutations

You are resistant to torment.
You are immune to poison.
Your stone body is very resilient (AC +3).
You resist negative energy.
You are resistant to electric shocks.
You can survive without breathing.
You are immune to petrification.


Message History

The orc hits you but does no damage. The orc barely misses you.
There are monsters nearby!
Elizilla's ghost (average Formicid Fighter) comes into view.
Elizilla's ghost turns its malevolent gaze towards you.
The orc hits you but does no damage.
Found 18 bolts.
You thump the orc priest!
The orc priest is heavily wounded.
The orc priest mumbles some strange prayers to Beogh.
You feel a wave of unholy energy pass over you.
You block the orc's attack. The orc hits you with a club.
The orc priest invokes the aid of Beogh against you.
Something smites you!
You sock the orc!
The orc is almost dead.
The orc hits you with a hand axe.
The orc priest mumbles some strange prayers to Beogh against you.
Something smites you!
You die...

***,, ** ***###..,* *, ,* *,,, *
,, ,,+.., ,..#..,* *,*,** ,, *
,,,,,*#.#**#.#..,* *,*, ,* ,,
*,,,,*###.# #.#.#** *,***, ,,,
**,,,.##.#p####.#.# *,*,*,,,,,
,,,............#.# *,* ***,,,
*,, ,.(.....###.#.###**,,,,,*,,,
*,,,,*,#..o.ooo...<#....,,,,,,,
*,,.)#.#.....##@#.##..... ***,,,
*,.....#...o.##.#.##......* * ,,
**#........o.##.#[##......#**,,,
#.#....#....#.#.##....^.#*,,,,
#...........#.#.##......##,,,,
**#...........#.#.[.<........,,,
*,,.....#...###.#..........#,,,,
*,,....#....###............###**
*,,....#.........###.#.......#


You could see an orc priest and 3 orcs.

Vanquished Creatures
  Ijyb (D:3)
  An adder (D:2)
  2 giant geckos
  2 ball pythons
  2 giant cockroaches (D:1)
  2 hobgoblins (D:1)
  A quokka (D:2)
  4 bats
  A giant newt (D:2)
  A goblin (D:2)
  3 jackals (D:2)
  2 kobolds
  2 rats (D:1)
24 creatures vanquished.

Notes
Turn   | Place    | Note
--------------------------------------------------------------
     0 | D:1      | Froboctopus, the Gargoyle Fighter, began the quest for the Orb.
     0 | D:1      | Reached XP level 1. HP: 14/14 MP: 1/1
   302 | D:1      | Reached XP level 2. HP: 19/19 MP: 2/2
   712 | D:2      | Reached XP level 3. HP: 19/23 MP: 3/3
   918 | D:2      | Found a radiant altar of Vehumet.
  1280 | D:3      | Noticed Ijyb
  1312 | D:3      | Killed Ijyb
  1312 | D:3      | Reached skill level 4 in Shields
  1449 | D:3      | Noticed Elizilla's ghost (average FoFi)
  1455 | D:3      | Killed from afar by an orc priest

Action                   || total
-------------------------++-------
Melee: Flail             ||   101
  Use: Scroll            ||     2
